 Dungeon Crawl Stone Soup version 0.29.1-12-g30fa7ad0bf (webtiles) character file.

Game seed: 5635387387976897181

93 wormed the Ducker (level 4, 0/41 HPs)
             Began as a Gnoll Monk on Dec 28, 2022.
             Slain by a black bear (1 damage)
             ... on level 3 of the Dungeon.
             The game lasted 00:03:01 (3183 turns).

wormed the Ducker (Gnoll Monk)                      Turns: 3183, Time: 00:03:01

Health: 0/41       AC:  3    Str: 10    XL:     4   Next: 62%
Magic:  5/5        EV: 15    Int:  9    God:
Gold:   140        SH:  0    Dex: 17    Spells: 5/5 levels left

rFire   . . .      SeeInvis .   m - +2 dagger (vamp)
rCold   . . .      Faith    .   (no shield)
rNeg    . . .      Spirit   .   d - +0 leather armour
rPois   .          Reflect  .   (no helmet)
rElec   .          Harm     .   (no cloak)
rCorr   .          Rampage  .   (no gloves)
Will    .....                   (no boots)
Stlth   +++.......              (no amulet)
HPRegen 0.13/turn               (no ring)
MPRegen 0.09/turn               (no ring)

@: no status effects
A: fangs 1, strong nose, distributed training
a: no special abilities


You were on level 3 of the Dungeon.
You visited 1 branch of the dungeon, and saw 3 of its levels.

You collected 140 gold pieces.

Inventory:

Hand Weapons
 a - a +0 falchion
 e - a +1 dagger of speed
 m - a +2 vampiric dagger (weapon)
Armour
 b - a +0 robe
 d - a +0 leather armour (worn)
Jewellery
 i - a ring of willpower
 q - an amulet of faith
Scrolls
 g - 4 scrolls of identify {unknown}
 h - 2 scrolls of teleportation {unknown}
 j - a scroll of magic mapping {unknown}
 k - a scroll of poison {unknown}
 o - a scroll of amnesia {unknown}
 p - a scroll of blinking {unknown}
Potions
 c - a potion of ambrosia
 f - a potion of cancellation {unknown}
 l - 3 potions of curing {unknown}
 r - a potion of might {unknown}


   Skills:
 + Level 6.6 Fighting
 + Level 1.2 Short Blades
 + Level 6.6 Long Blades
 + Level 1.2 Axes
 + Level 1.2 Maces & Flails
 + Level 1.2 Polearms
 + Level 1.2 Staves
 + Level 1.2 Ranged Weapons
 + Level 1.2 Throwing
 + Level 1.2 Armour
 + Level 6.6 Dodging
 + Level 4.3 Stealth
 + Level 1.2 Shields
 + Level 1.2 Unarmed Combat
 + Level 1.2 Spellcasting
 + Level 1.0 Conjurations
 + Level 1.0 Hexes
 + Level 1.0 Summonings
 + Level 1.0 Necromancy
 + Level 1.0 Translocations
 + Level 1.0 Transmutations
 + Level 1.0 Fire Magic
 + Level 1.0 Ice Magic
 + Level 1.0 Air Magic
 + Level 1.0 Earth Magic
 + Level 1.0 Poison Magic
 + Level 1.3 Invocations
 + Level 1.2 Evocations


You had 5 spell levels left.
You didn't know any spells.
Your spell library contained the following spells:

 Spells                   Type           Power      Damage    Failure   Level
 Necrotise                Necr           8%         1d4       30%         1
 Sublimation of Blood     Necr           2%         N/A       43%         2
 Vampiric Draining        Necr           2%         2d6       67%         3
 Petrify                  Tmut/Erth      2%         N/A       97%         4
 Agony                    Necr           2%         N/A       100%        5
 Irradiate                Conj/Tmut      1%         3d12      100%        5


Dungeon Overview and Level Annotations

Branches:
Dungeon (3/15)

Altars:
Makhleb
Wu Jian


Innate Abilities, Weirdness & Mutations

You have very sharp teeth.
Your uncanny sense of smell can sniff out nearby items.
Your experience applies equally to all skills.


Message History

You hit the black bear.
You feel better.
The black bear is heavily wounded.
The black bear bites you but does no damage.
The black bear misses you. The black bear claws you.
You barely miss the black bear.
The black bear is heavily wounded.
The black bear bites you. The black bear misses you. x2
You hit the black bear. Your bite misses the black bear.
The black bear is heavily wounded.
The black bear misses you. x2; The black bear claws you.
You barely miss the black bear.
The black bear is heavily wounded.
You hit the black bear.
You feel better.
You bite the black bear, but do no damage.
The black bear is severely wounded.
The black bear goes berserk!
You completely miss the black bear.
The black bear is severely wounded.
The black bear closely misses you. The black bear claws you. x2
* * * LOW HITPOINT WARNING * * *
The black bear closely misses you. The black bear barely misses you.
The black bear claws you.
* * * LOW HITPOINT WARNING * * *
You hit the black bear.
You feel better.
The black bear is severely wounded.
The black bear bites you but does no damage.
The black bear misses you. The black bear barely misses you.
You hit the black bear.
You feel better.
The black bear is severely wounded.
The black bear bites you.
* * * LOW HITPOINT WARNING * * *
The black bear claws you.
* * * LOW HITPOINT WARNING * * *
The black bear barely misses you. The black bear misses you.
The black bear claws you but does no damage.
The black bear closely misses you.
You hit the black bear but do no damage.
The black bear is almost dead.
The black bear looks more healthy.
The black bear bites you.
You die...

#......#.##.#
#.######.##.#
#.######.##.#
#..>........#
#.######.#### ###
####....#
#.......#
#.......######
#.....@h((((.##
#.......####..#
###############.#
#..<.##.....# #.#
#.##..o......
#..# # #...o..##
.#.# #..≈≈..# ..
.. #...≈≈o...h..
#.# #............
.#


You could see a black bear (berserk).

Vanquished Creatures
  An orc wizard (D:2)
  An adder (D:2)
  A dart slug (D:2)
  8 orcs (D:2)
  3 endoplasms
  3 giant cockroaches (D:2)
  7 goblins
  4 hobgoblins
  A jackal (D:2)
  2 kobolds
  A quokka (D:2)
  5 ball pythons
  2 bats
  3 frilled lizards (D:2)
  5 rats
47 creatures vanquished.

Notes
Turn   | Place    | Note
-------+----------+-------------------------------------------
     0 | D:1      | wormed the Gnoll Monk began the quest for the Orb.
     0 | D:1      | Reached XP level 1. HP: 23/23 MP: 1/1
   472 | D:1      | Reached XP level 2. HP: 29/29 MP: 2/2
  1493 | D:2      | Reached skill level 1 in Invocations
  1493 | D:2      | Reached XP level 3. HP: 26/35 MP: 2/4
  1518 | D:2      | Reached skill level 1 in Short Blades
  1518 | D:2      | Reached skill level 1 in Axes
  1518 | D:2      | Reached skill level 1 in Maces & Flails
  1518 | D:2      | Reached skill level 1 in Polearms
  1518 | D:2      | Reached skill level 1 in Staves
  1518 | D:2      | Reached skill level 1 in Ranged Weapons
  1518 | D:2      | Reached skill level 1 in Throwing
  1518 | D:2      | Reached skill level 1 in Armour
  1518 | D:2      | Reached skill level 1 in Shields
  1518 | D:2      | Reached skill level 1 in Unarmed Combat
  1518 | D:2      | Reached skill level 1 in Spellcasting
  1518 | D:2      | Reached skill level 1 in Evocations
  1819 | D:2      | Reached XP level 4. HP: 11/41 MP: 5/5
  2302 | D:2      | Found a burning altar of Makhleb.
  2420 | D:2      | Reached skill level 1 in Conjurations
  2420 | D:2      | Reached skill level 1 in Hexes
  2420 | D:2      | Reached skill level 1 in Summonings
  2420 | D:2      | Reached skill level 1 in Necromancy
  2420 | D:2      | Reached skill level 1 in Translocations
  2420 | D:2      | Reached skill level 1 in Transmutations
  2420 | D:2      | Reached skill level 1 in Fire Magic
  2420 | D:2      | Reached skill level 1 in Ice Magic
  2420 | D:2      | Reached skill level 1 in Air Magic
  2420 | D:2      | Reached skill level 1 in Earth Magic
  2420 | D:2      | Reached skill level 1 in Poison Magic
  2688 | D:3      | Found an ornate altar of the Wu Jian Council.
  2690 | D:3      | Noticed a black bear
  3182 | D:3      | HP: 1/41 [black bear (6)]
  3183 | D:3      | Slain by a black bear

Illustrated notes

Levels and vault maps discovered:
D:1:      dpeg_arrival_circle_labyrinth_a, layout_basic,
          serial_co_window_serial, co_window_paths_a, co_window_paths_a,
          co_window_paths_b, co_window_corner_a, co_window_paths_a,
          co_window_paths_a, co_window_corner_a, co_window_corner_a,
          co_window_of_opportunity_a, co_window_unsneaky_path_d,
          co_window_2corner, co_window_of_opportunity_b, co_window_paths_c,
          glass_columns_a, glass_columns_a
D:2:      layout_basic, basic_altar, minmay_pentomino_r2
D:3:      layout_basic, nicolae_wu_jian_wuxing_cycle, nicolae_ru_path_of_blood,
          lemuel_tele_altar, ebering_ecumenical_altar_abandoned

Skill      XL: |  1  2  3  4 |
---------------+-------------+-----
Invocations    | 1 |  1.3
Short Blades   | 1 |  1.2
Axes           | 1 |  1.2
Maces & Flails | 1 |  1.2
Polearms       | 1 |  1.2
Staves         | 1 |  1.2
Ranged Weapons | 1 |  1.2
Throwing       | 1 |  1.2
Armour         | 1 |  1.2
Shields        | 1 |  1.2
Unarmed Combat | 1 |  1.2
Spellcasting   | 1 |  1.2
Evocations     | 1 |  1.2
Conjurations   | 1 |  1.0
Hexes          | 1 |  1.0
Summonings     | 1 |  1.0
Necromancy     | 1 |  1.0
Translocations | 1 |  1.0
Transmutations | 1 |  1.0
Fire Magic     | 1 |  1.0
Ice Magic      | 1 |  1.0
Air Magic      | 1 |  1.0
Earth Magic    | 1 |  1.0
Poison Magic   | 1 |  1.0
Fighting       | |  6.6
Long Blades    | |  6.6
Dodging        | |  6.6
Stealth        | |  4.3

Action                   |  1- 3 |  4- 6 || total
-------------------------+-------+-------++-------
Melee: Falchion          |    11 |       ||    11
       Dagger            |    72 |    78 ||   150
       Bite              |    12 |    15 ||    27
       Punch             |       |     1 ||     1
Throw: Dart              |       |     4 ||     4
 Stab: Sleeping          |     4 |     4 ||     8
       Distracted        |     1 |       ||     1
Armor: Leather armour    |    13 |    14 ||    27
Dodge: Dodged            |    52 |    76 ||   128
